 Dungeon Crawl Stone Soup version 0.29-a0-451-gfbfa42419e (webtiles) character file.

Game seed: 7165975288580899752

239 Faeu the Chopper (level 5, -3/48 HPs)
             Began as a Minotaur Berserker on May 19, 2022.
             Was a Follower of Trog.
             Slain by an orc
             ... wielding a +0 club
              (4 damage)
             ... on level 5 of the Dungeon.
             The game lasted 00:01:40 (2479 turns).

Faeu the Chopper (Minotaur Berserker)               Turns: 2479, Time: 00:01:40

Health: -3/48      AC:  2    Str: 24    XL:     5   Next: 79%
Magic:  4/4        EV: 12    Int:  4    God:    Trog [*.....]
Gold:   93         SH:  0    Dex:  9    Spells: 4/4 levels left

rFire   . . .      SeeInvis .   a - +0 hand axe
rCold   . . .      Faith    .   (no shield)
rNeg    . . .      Spirit   .   b - +0 animal skin
rPois   .          Reflect  .   (helmet restricted)
rElec   .          Harm     .   (no cloak)
rCorr   .          Rampage  .   (no gloves)
Will    .....                   (no boots)
Stlth   +.........              (no amulet)
HPRegen 0.16/turn               (no ring)
MPRegen 0.09/turn               (no ring)

@: confused
A: horns 2, retaliatory headbutt
a: Renounce Religion, Berserk


You were on level 5 of the Dungeon.
You worshipped Trog.
Trog was aware of your devotion.
You visited 1 branch of the dungeon, and saw 4 of its levels.

You collected 93 gold pieces.

Inventory:

Hand Weapons
 a - a +0 hand axe (weapon)
Armour
 b - a +0 animal skin (worn)
Scrolls
 d - 2 scrolls of blinking {unknown}
 f - a scroll of teleportation {unknown}
 h - a scroll of acquirement {unknown}
 i - a scroll of identify {unknown}
Potions
 c - 2 potions of haste {unknown}
 e - a potion of resistance {unknown}
 g - a potion of brilliance {unknown}


   Skills:
 + Level 5.0 Fighting
 + Level 5.0 Axes
 + Level 4.2 Armour
 + Level 3.8 Dodging


You had 4 spell levels left.
You didn't know any spells.
Your spell library was empty.

Dungeon Overview and Level Annotations

Branches:
Dungeon (3/15)

Altars:


Innate Abilities, Weirdness & Mutations

You have a pair of horns on your head.
You reflexively headbutt those who attack you in melee.


Message History

There is an open door, spattered with blood here.
You see here a howler monkey corpse.
You start resting.
A howler monkey comes into view.
A howler monkey is nearby!
An orc comes into view. It is wielding a +0 dagger.
There is an open door, spattered with blood here.
You see here a howler monkey corpse.
An orc wizard comes into view. It is wielding a +0 dagger.
The orc hits you with a +0 dagger.
You hit the orc.
The orc is severely wounded.
The orc hits you with a +0 dagger.
An orc comes into view. It is wielding a +0 club.
The orc wizard points at you and mumbles some strange words.
You are confused.
The orc hits you with a +0 dagger. The orc attacks as you move away!
The orc hits you with a +0 dagger.
The orc wizard points at you and mumbles some strange words.
The puff of flame hits you!
* * * LOW HITPOINT WARNING * * *
You are too confused!
You miss the orc. You barely miss the orc. You closely miss the orc wizard.
The orc hits you with a +0 club.
* * * LOW HITPOINT WARNING * * *
The orc wizard points at you and mumbles some strange words.
You are more confused.
The orc closely misses you.
You barely miss the orc wizard. You hit the orc.
You kill the orc!
Trog accepts your kill.
You closely miss the orc. The orc hits you but does no damage.
The orc wizard misses you.
You closely miss the orc wizard. You completely miss the orc.
The orc hits you with a +0 club.
* * * LOW HITPOINT WARNING * * *
The orc wizard hits you with a +0 dagger.
* * * LOW HITPOINT WARNING * * *
The orc hits you with a +0 club.
You die...

#####.. #...#. #...' +...#
#...# #.....# #...#
#.....####oo.#
#..........@.#.......
#.........)..#.......
#............#.......
.....#............#.......
.....+............#.......
.....#............#.....#
.....#...########%#.....+
.....#...#..............#
.....#...#..............#


You could see an orc wizard and an orc.

Vanquished Creatures
  A scorpion (D:5)
  A howler monkey (D:5)
  Jessica (D:2)
  Natasha (thrice) (D:2)
  3 dart slugs
  An orc (D:5)
  2 endoplasms
  3 giant cockroaches
  7 goblins
  3 hobgoblins
  4 jackals (D:2)
  2 ball pythons
  A bat (D:1)
  5 frilled lizards
  A kobold (D:1)
  3 rats
41 creatures vanquished.

Notes
Turn   | Place    | Note
-------+----------+-------------------------------------------
     0 | D:1      | Faeu the Minotaur Berserker began the quest for the Orb.
     0 | D:1      | Reached XP level 1. HP: 19/19 MP: 0/0
   217 | D:1      | Reached XP level 2. HP: 27/27 MP: 1/1
   742 | D:1      | Found a faded altar of an unknown god.
   994 | D:2      | Noticed Natasha
   999 | D:2      | Killed Natasha
  1000 | D:2      | Reached XP level 3. HP: 24/33 MP: 2/2
  1409 | D:2      | Noticed Natasha
  1413 | D:2      | Killed Natasha
  1414 | D:2      | Reached XP level 4. HP: 33/41 MP: 3/3
  1514 | D:2      | Noticed Natasha
  1526 | D:2      | Killed Natasha
  1963 | D:2      | Noticed Jessica
  1972 | D:2      | Killed Jessica
  2196 | D:3      | You fall into a shaft and drop 2 floors!
  2196 | D:5      | Entered Level 5 of the Dungeon
  2208 | D:5      | Noticed a scorpion
  2212 | D:5      | Reached XP level 5. HP: 47/47 MP: 4/4
  2455 | D:5      | Reached skill level 5 in Fighting
  2455 | D:5      | Reached skill level 5 in Axes
  2478 | D:5      | HP: 1/48 [orc wizard/+0 dagger (3)]
  2479 | D:5      | Slain by an orc

Illustrated notes

Levels and vault maps discovered:
D:1:      scummos_arrival_checkerplants, layout_loops_cross,
          nicolae_ecumenical_lake_church, hangedman_decor_growths
D:2:      layout_basic, uniq_jessica, uniq_natasha
D:3:      layout_loops_ring, nicolae_overflow_ecumenical_swirl,
          kennysheep_path_1
D:5:      minmay_goblin_kobold_castle, layout_gridville,
          minmay_temple_entry_junction, lightli_corner_chamber,
          uniq_blork_the_orc, uniq_sigmund

Skill      XL: |  1  2  3  4  5 |
---------------+----------------+-----
Fighting       | 4 5 |  5.0
Axes           | 4 5 |  5.0
Armour         | 3 4 |  4.2
Dodging        | 3 |  3.8

Action                   |  1- 3 |  4- 6 || total
-------------------------+-------+-------++-------
Melee: Hand axe          |    46 |    49 ||    95
       Headbutt          |     6 |     9 ||    15
       Punch             |       |     1 ||     1
Invok: Berserk           |       |     1 ||     1
Armor: Animal skin       |     8 |     5 ||    13
Dodge: Dodged            |    23 |    33 ||    56

Table legend: (Time is in decaauts)
 A = Elapsed time spent in this place.
 B = Non-inter-level travel time spent in this place.
 C = Inter-level travel time spent in this place.
 D = Time resting spent in this place.
 E = Time spent auto-exploring this place.
 F = Levels seen in this place.
 G = Mean time per level.
                   A        B        C        D        E       F      G
               +--------+--------+--------+--------+--------+-----+--------+
         Total |   2507 |   2459 |     48 |    218 |   1959 |   4 |  626.8 |
       Dungeon |   2507 |   2459 |     48 |    218 |   1959 |   4 |  626.8 |
               +--------+--------+--------+--------+--------+-----+--------+

Top non-repeatable levels by time:
     D:2: 1406 daAuts
     D:1: 806 daAuts
     D:5: 293 daAuts
